 Dungeon Crawl Stone Soup version 0.16-a0-4004-g8d6611c (webtiles) character file.

122 Chiseanne the Ducker (level 4, -2/41 HPs)
             Began as a Troll Enchanter on Feb 15, 2015.
             Killed from afar by an orc wizard (6 damage)
             ... with a magic dart
             ... on level 3 of the Dungeon.
             The game lasted 00:07:08 (1931 turns).

Chiseanne the Ducker (Troll Enchanter)              Turns: 1931, Time: 00:07:09

Health: -2/41      AC:  6    Str: 16    XL:     4   Next: 78%
Magic:  4/4        EV: 10    Int: 12    God:
Gold:   110        SH:  0    Dex: 10    Spells: 2 memorised, 3 levels left

rFire  . . .     SeeInvis .       - Unarmed
rCold  . . .     Clarity  .     b - +1 robe
rNeg   + . .     SustAb   .     (shield restricted)
rPois  .         Gourm    +     (helmet restricted)
rElec  .         Spirit   .     (no cloak)
rCorr  .         Warding  .     (gloves unavailable)
rMut   .         Stasis   .     (boots unavailable)
MR     .....                    (no amulet)
Stlth  +.........               (no ring)
                                h - ring of positive energy

@: not resistant to hostile enchantments, very unstealthy
A: unfitting armour, claws 3, fast metabolism 3, gourmand, regeneration 2,
shaggy fur 1, tough skin 2
a: no special abilities


You were on level 3 of the Dungeon.
You were very full.

You visited 1 branch of the dungeon, and saw 3 of its levels.

You collected 110 gold pieces.

Inventory:

Hand weapons
 a - a +3 dagger of flaming
Missiles
 m - 2 tomahawks (quivered)
Armour
 b - a +1 robe (worn)
Jewellery
 h - a ring of positive energy (left claw)
Scrolls
 f - a scroll of magic mapping
 g - 4 scrolls of teleportation
 i - 5 scrolls of amnesia
 j - a scroll of identify {unknown}
Potions
 e - 2 potions of cancellation {unknown}
 k - a potion of invisibility {unknown}
 n - 2 potions of curing {unknown}
 o - a potion of flight {unknown}
Books
 c - a book of Maledictions

   Spells                             Type                      Level
   a - Corona                         Hexes                        1
   b - Sure Blade                     Hexes/Charms                 2
   c - Ensorcelled Hibernation        Hexes/Ice                    2
   d - Confuse                        Hexes                        3
   e - Dazzling Spray                 Conjuration/Hexes            3
   f - Enslavement                    Hexes                        4
Comestibles
 d - 2 meat rations
 l - a bread ration


   Skills:
 * Level 1.2 Fighting
 - Level 0.7 Short Blades
 * Level 2.6 Dodging
 - Level 1.7 Stealth
 * Level 1.6 Unarmed Combat
 * Level 1.6 Spellcasting
 * Level 2.4 Hexes


You had 3 spell levels left.
You knew the following spells:

 Your Spells              Type           Power        Failure   Level  Hunger
a - Corona                Hex            #......      12%         1    ##.....
b - Ensorcelled Hibernat  Hex/Ice        #.....       28%         2    ###....


Dungeon Overview and Level Annotations

Branches:
Dungeon (3/15)

Altars:
Ashenzari
The Shining One


Innate Abilities, Weirdness & Mutations

You are too large for most types of armour.
You have claws for hands.
Your metabolism is lightning-fast.
You like to eat raw meat.
You heal very quickly.
You are covered in fur (AC +1).
You have very tough skin (AC +2).


Message History

* * * LOW HITPOINT WARNING * * *
Something hits you.
* * * LOW HITPOINT WARNING * * *
There is an open door here.
You scratch the orc wizard but do no damage.
Something hits you.
* * * LOW HITPOINT WARNING * * *
The orc wizard casts a spell.
The orc wizard blinks!
Something hits you but does no damage.
You miss something.
You hear some strange, mumbled words.
A puff of flame appears from out of thin air!
The puff of flame hits you!
* * * LOW HITPOINT WARNING * * *
The orc wizard hits you but does no damage.
Something hits you but does no damage.
You barely miss something. The orc wizard casts a spell at you.
The magic dart hits you!
You die...

+......#
##......#
.......# . .....
#... #).# .#
#.(.# #)## ..##
#.....#).# ...
#.....##{###.###.
#.....@o..)......
#................
#................
#....###.........
#.... #..........
#.... #..........
... ##.#.......
## #....##+#
##...##.#


You could see an orc wizard.

Vanquished Creatures
  An orc priest (D:3)
  Robin (D:3)
  A gnoll (D:1)
  An adder (D:2)
  A giant mite (D:2)
  A worm (D:2)
  A giant gecko (D:2)
  An orc (D:3)
  A giant cockroach (D:1)
  12 goblins
  5 hobgoblins
  6 bats
  A giant newt (D:2)
  6 jackals
  6 kobolds
  3 quokkas (D:2)
  2 rats
50 creatures vanquished.

Vanquished Creatures (others)
  An orc (D:3)
1 creature vanquished.

Grand Total: 51 creatures vanquished

Notes
Turn   | Place    | Note
--------------------------------------------------------------
     0 | D:1      | Chiseanne, the Troll Enchanter, began the quest for the Orb.
     0 | D:1      | Reached XP level 1. HP: 16/16 MP: 2/2
    57 | D:1      | You fall through a shaft!
    88 | D:2      | Reached XP level 2. HP: 24/24 MP: 2/2
   244 | D:2      | Reached XP level 3. HP: 21/31 MP: 3/3
   796 | D:1      | Reached skill level 1 in Unarmed Combat
   936 | D:1      | Learned a level 2 spell: Ensorcelled Hibernation
  1409 | D:2      | Found a glowing golden altar of the Shining One.
  1409 | D:2      | Found a shattered altar of Ashenzari.
  1571 | D:2      | Reached XP level 4. HP: 36/40 MP: 4/4
  1757 | D:3      | Noticed Robin
  1771 | D:3      | Killed Robin
  1918 | D:3      | Reached skill level 1 in Fighting
  1931 | D:3      | Killed from afar by an orc wizard

Action                   |  1- 3 |  4- 6 || total
-------------------------+-------+-------++-------
Melee: Unarmed           |   156 |    38 ||   194
       Dagger            |     3 |       ||     3
  Use: Scroll            |     5 |       ||     5
  Eat: Chunk             |    19 |     2 ||    21
